cohdb
Replays
Latest Replays
All Replays
Popular Replays
Top Player Replays
Match Explorer
How It Works
Community
CoH3 Stats
Reddit
Sign in to upload your games and track your stats! →
Sign in with Steam
Match 42234496
Unlisted
Match 42234496
Overview
Messages
Build Orders
End
Construct Section Command Post
Royal Engineer Section
Dingo Light Scout Car
Infantry Section
Vickers Machine Gun Team
Infantry Section
Construct Platoon Command Post
6-pounder Anti-tank Gun Team
Grenade Package
Unlock Bishop Self-propelled Artillery
Infantry Training
Bishop Self-propelled Artillery
6-pounder Anti-tank Gun Team
Bishop Self-propelled Artillery
CMP 15cwt Truck
Construct Company Command Post
[HAN]Diederick Kastner
宝多六花
宇杰
帝国の突撃隊
W
Lt Ghost
gihof NAFO
D1saypL
0
0
Comments
sign in to comment!
No comments posted yet!